 Dungeon Crawl Stone Soup version 0.27.1-2-g3b301248ec (webtiles) character file.

Game seed: 9345965165076128925

259 snilloc10 the Vexing (level 6, -1/47 HPs)
             Began as a Gnoll Arcane Marksman on Sept 29, 2021.
             Shot with an arrow by a centaur (4 damage)
             ... on level 4 of the Dungeon.
             The game lasted 00:12:13 (3891 turns).

snilloc10 the Vexing (Gnoll Arcane Marksman)        Turns: 3891, Time: 00:12:13

Health: -1/47      AC:  2    Str:  9    XL:     6   Next: 17%
Magic:  11/11      EV: 14    Int: 12    God:
Gold:   224        SH:  0    Dex: 15    Spells: 5/11 levels left

rFire    . . .     SeeInvis .   g - +1 short sword (distort)
rCold    . . .     Faith    .   (no shield)
rNeg     . . .     Spirit   .   d - +0 robe
rPois    .         Reflect  .   (no helmet)
rElec    .         Harm     .   (no cloak)
rCorr    .         Rampage  .   (no gloves)
Will     .....                  (no boots)
Stlth    ++........             (no amulet)
HPRegen  0.15/turn              (no ring)
MPRegen  0.12/turn              (no ring)

@: hasted, very quick
A: fangs 1, strong nose, distributed training
a: no special abilities


You were on level 4 of the Dungeon.
You visited 1 branch of the dungeon, and saw 4 of its levels.

You collected 224 gold pieces.

Inventory:

Hand Weapons
 a - a +0 shortbow
 g - a +1 short sword of distortion (weapon)
Missiles
 c - 47 arrows
Armour
 d - a +0 robe (worn)
Jewellery
 f - a +4 ring of protection
 h - an amulet of faith
Wands
 p - a wand of flame (11)
Scrolls
 b - 2 scrolls of teleportation {unknown}
 i - a scroll of amnesia {unknown}
 k - a scroll of noise {unknown}
 l - 2 scrolls of fog {unknown}
 m - a scroll of enchant weapon {unknown}
 n - a scroll of brand weapon {unknown}
 q - 2 scrolls of identify {unknown}
Potions
 e - 2 potions of haste
 o - a potion of flight {unknown}


   Skills:
 + Level 3.1 Fighting
 + Level 1.8 Short Blades
 + Level 1.8 Long Blades
 + Level 1.8 Axes
 + Level 1.8 Maces & Flails
 + Level 1.8 Polearms
 + Level 1.8 Staves
 + Level 1.8 Slings
 + Level 4.9 Bows
 + Level 1.8 Crossbows
 + Level 1.8 Throwing
 + Level 1.8 Armour
 + Level 4.9 Dodging
 + Level 1.8 Stealth
 + Level 1.8 Shields
 + Level 1.8 Unarmed Combat
 + Level 3.3 Spellcasting
 + Level 1.4 Conjurations
 + Level 5.6 Hexes
 + Level 1.4 Summonings
 + Level 1.4 Necromancy
 + Level 1.4 Translocations
 + Level 1.4 Transmutations
 + Level 1.4 Fire Magic
 + Level 1.4 Ice Magic
 + Level 1.4 Air Magic
 + Level 1.4 Earth Magic
 + Level 1.4 Poison Magic
 + Level 2.0 Invocations
 + Level 1.8 Evocations


You had 5 spell levels left.
You knew the following spells:

 Your Spells              Type           Power      Damage    Failure   Level
a - Corona                Hex            16%        N/A       2%          1
b - Magic Dart            Conj           20%        1d4       13%         1
c - Searing Ray           Conj           10%        3d3       21%         2
d - Slow                  Hex            15%        N/A       3%          2

Your spell library contained the following spells:

 Spells                   Type           Power      Damage    Failure   Level
 Inner Flame              Hex/Fire       10%        N/A       17%         3
 Portal Projectile        Hex/Tloc       20%        N/A       17%         3
 Cause Fear               Hex            7%         N/A       24%         4
 Ozocubu's Armour         Ice            5%         N/A       36%         3
 Fulminant Prism          Conj/Hex       5%         3d7       50%         4
 Ozocubu's Refrigeration  Ice            2%         4d5       100%        7


Dungeon Overview and Level Annotations

Branches:
Dungeon (4/15)
 Temple: D:4-7

Altars:

Annotations:
D:3 2 runed translucent doors, Borgoz's ghost, amateur GrBe


Innate Abilities, Weirdness & Mutations

You have very sharp teeth.
Your uncanny sense of smell can sniff out nearby items.
Your experience applies equally to all skills.


Message History

A centaur is nearby!
The centaur shouts!
The centaur wields a +0 shortbow.
The centaur shoots an arrow.
The arrow hits you!
The centaur shoots an arrow.
The arrow barely misses you.
The centaur shoots an arrow.
The arrow hits you!
The centaur shoots an arrow.
The arrow barely misses you.
The centaur unwields a +0 shortbow.
The centaur hits you. The centaur kicks you. The centaur barely misses you.
The centaur kicks you but does no damage.
You hit the centaur.
The centaur is lightly wounded.
The centaur blinks!
The centaur wields a +0 shortbow.
The centaur shoots an arrow.
The arrow misses you.
The centaur shoots an arrow.
The arrow hits you!
The centaur shoots an arrow.
The arrow hits you!
* * * LOW HITPOINT WARNING * * *
You are too injured to fight recklessly!
You are too injured to fight recklessly!
You are too injured to fight recklessly!
You are too injured to fight recklessly!
You are too injured to fight recklessly!
You are too injured to fight recklessly!
You are too injured to fight recklessly!
You are too injured to fight recklessly!
You are too injured to fight recklessly!
You are too injured to fight recklessly!
You are too injured to fight recklessly!
You are too injured to fight recklessly!
You are too injured to fight recklessly!
You are too injured to fight recklessly!
You are too injured to fight recklessly!
You are too injured to fight recklessly!
You are too injured to fight recklessly!
You are too injured to fight recklessly!
It was a potion of haste.
You feel yourself speed up.
The centaur shoots an arrow.
The arrow closely misses you.
The centaur shoots an arrow.
The arrow misses you.
The centaur shoots an arrow.
The arrow hits you.
You die...

##### ########.... ∆
#.....##.(..
#.....##.... #
#.....##....
#.#######.....##....
#..@.....c....'.....
#########.....##....
#.....###### #######
# ## .. #. ... #.
.... #.


You could see a centaur.

Vanquished Creatures
  2 iguanas (D:4)
  An orc wizard (D:3)
  5 adders
  An adder skeleton (D:4)
  A worm (D:2)
  3 dart slugs
  6 orcs
  7 endoplasms
  2 giant cockroaches
  6 goblins
  8 hobgoblins
  5 kobolds
  3 quokkas
  9 ball pythons
  4 bats
  2 frilled lizards
  7 rats
72 creatures vanquished.

Notes
Turn   | Place    | Note
-------+----------+-------------------------------------------
     0 | D:1      | snilloc10 the Gnoll Arcane Marksman began the quest for the
                  | Orb.
     0 | D:1      | Reached XP level 1. HP: 17/17 MP: 4/4
   216 | D:1      | Reached XP level 2. HP: 23/23 MP: 3/5
   557 | D:1      | Found a faded altar of an unknown god.
   752 | D:1      | Reached XP level 3. HP: 28/28 MP: 7/7
  1051 | D:2      | Reached skill level 1 in Invocations
  1575 | D:2      | Reached skill level 1 in Short Blades
  1575 | D:2      | Reached skill level 1 in Long Blades
  1575 | D:2      | Reached skill level 1 in Axes
  1575 | D:2      | Reached skill level 1 in Maces & Flails
  1575 | D:2      | Reached skill level 1 in Polearms
  1575 | D:2      | Reached skill level 1 in Staves
  1575 | D:2      | Reached skill level 1 in Slings
  1575 | D:2      | Reached skill level 1 in Crossbows
  1575 | D:2      | Reached skill level 1 in Throwing
  1575 | D:2      | Reached skill level 1 in Armour
  1575 | D:2      | Reached skill level 1 in Stealth
  1575 | D:2      | Reached skill level 1 in Shields
  1575 | D:2      | Reached skill level 1 in Unarmed Combat
  1575 | D:2      | Reached skill level 1 in Evocations
  1703 | D:2      | Reached XP level 4. HP: 23/34 MP: 8/8
  2005 | D:3      | Reached skill level 1 in Conjurations
  2005 | D:3      | Reached skill level 1 in Summonings
  2005 | D:3      | Reached skill level 1 in Necromancy
  2005 | D:3      | Reached skill level 1 in Translocations
  2005 | D:3      | Reached skill level 1 in Transmutations
  2005 | D:3      | Reached skill level 1 in Fire Magic
  2005 | D:3      | Reached skill level 1 in Ice Magic
  2005 | D:3      | Reached skill level 1 in Air Magic
  2005 | D:3      | Reached skill level 1 in Earth Magic
  2005 | D:3      | Reached skill level 1 in Poison Magic
  2330 | D:3      | Reached XP level 5. HP: 25/40 MP: 9/9
  2859 | D:3      | Found a runed translucent door.
  2879 | D:3      | Found a runed translucent door.
  2918 | D:3      | Noticed Borgoz's ghost (amateur GrBe)
  2966 | D:4      | HP: 1/40 [kobold (4)]
  3196 | D:4      | Learned a level 1 spell: Magic Dart
  3199 | D:4      | Learned a level 2 spell: Searing Ray
  3202 | D:4      | Learned a level 2 spell: Slow
  3288 | D:4      | Reached XP level 6. HP: 24/47 MP: 10/10
  3891 | D:4      | Shot with an arrow by a centaur

Illustrated notes

Levels and vault maps discovered:
D:1:      mrwooster_arrival_statue_3, layout_basic,
          shapermc_ecumenical_altar_notcrosses
D:2:      layout_loops_ring
D:3:      layout_rooms, ebering_ghost_sewer_f, minmay_misc_feat_cross
D:4:      layout_basic, trog_book, kennysheep_little_box, feat_on_display

Skill      XL: |  1  2  3  4  5 |
---------------+----------------+-----
Invocations    | 1 2 |  2.0
Short Blades   | 1 |  1.8
Long Blades    | 1 |  1.8
Axes           | 1 |  1.8
Maces & Flails | 1 |  1.8
Polearms       | 1 |  1.8
Staves         | 1 |  1.8
Slings         | 1 |  1.8
Crossbows      | 1 |  1.8
Throwing       | 1 |  1.8
Armour         | 1 |  1.8
Stealth        | 1 |  1.8
Shields        | 1 |  1.8
Unarmed Combat | 1 |  1.8
Evocations     | 1 |  1.8
Spellcasting   | 3 |  3.3
Conjurations   | 1 |  1.4
Summonings     | 1 |  1.4
Necromancy     | 1 |  1.4
Translocations | 1 |  1.4
Transmutations | 1 |  1.4
Fire Magic     | 1 |  1.4
Ice Magic      | 1 |  1.4
Air Magic      | 1 |  1.4
Earth Magic    | 1 |  1.4
Poison Magic   | 1 |  1.4
Fighting       | 3 |  3.1
Bows           | |  4.9
Dodging        | |  4.9
Hexes          | |  5.6

Action                   |  1- 3 |  4- 6 || total
-------------------------+-------+-------++-------
Melee: Shortbow          |    13 |     2 ||    15
       Bite              |     1 |     7 ||     8
       Short sword       |       |    90 ||    90
 Fire: Shortbow          |   112 |    43 ||   155
 Cast: Corona            |     6 |     1 ||     7
  Use: Potion            |       |     6 ||     6
 Stab: Sleeping          |       |     3 ||     3
Armor: Robe              |     6 |    12 ||    18
Dodge: Dodged            |    51 |    70 ||   121
